 Dungeon Crawl Stone Soup version 0.22-a0-192-g6ffc940 (webtiles) character file.

192 vishdafish the Skirmisher (level 5, 36/42 HPs)
             Began as a Demonspawn Fighter on Feb 16, 2018.
             Quit the game on level 3 of the Dungeon.
             The game lasted 00:02:11 (1600 turns).

vishdafish the Skirmisher (Demonspawn Fighter)      Turns: 1600, Time: 00:02:12

Health: 36/42      AC: 14    Str: 21    XL:     5   Next: 42%
Magic:  5/5        EV:  7    Int: 10    God:
Gold:   150        SH:  9    Dex: 13    Spells: 4/4 levels left

rFire    . . .     SeeInvis .   a - +0 long sword
rCold    . . .     Gourm    .   c - +0 shield
rNeg     . . .     Faith    .   b - +0 scale mail
rPois    .         Spirit   +   g - +2 hat
rElec    .         Reflect  .   (no cloak)
rCorr    .         Harm     .   (no gloves)
MR       .....                  e - +1 pair of boots
Stlth    +.........             (no amulet)
HPRegen  0.14/turn              p - ring of stealth
MPRegen  0.09/turn              (no ring)

@: mighty
A: yellow scales 2, magic shield
a: no special abilities


You were on level 3 of the Dungeon.
You were hungry.

You visited 1 branch of the dungeon, and saw 3 of its levels.

You collected 150 gold pieces.

Inventory:

Hand Weapons
 a - a +0 long sword (weapon)
Missiles
 m - 24 bolts
Armour
 b - a +0 scale mail (worn)
 c - a +0 shield (worn)
 e - a +1 pair of boots (worn)
 g - a +2 hat (worn)
Jewellery
 p - a ring of stealth (left hand)
Scrolls
 h - a scroll of enchant armour {unknown}
 k - 2 scrolls of teleportation
 n - a scroll of amnesia {unknown}
 r - a scroll of remove curse {unknown}
Potions
 d - a potion of might
 i - a potion of agility
 j - a potion of degeneration
 l - a potion of haste {unknown}
 o - a potion of cancellation
 q - a potion of heal wounds
Comestibles
 f - 5 rations


   Skills:
 + Level 3.8 Fighting
 * Level 3.5 Long Blades
 + Level 3.4 Armour
 + Level 3.4 Shields


You had 4 spell levels left.
You didn't know any spells.

Dungeon Overview and Level Annotations

Branches:
Dungeon (3/15)

Altars:


Innate Abilities, Weirdness & Mutations

You are mostly covered in yellow scales. (AC +3)
When hurt, damage is shared between your health and your magic reserves.


Message History

The sky beast hits you but does no damage.
You slash the sky beast!
The sky beast is severely wounded.
The sky beast flickers out of sight!
Deactivating autopickup; reactivate with Ctrl-A.
You block something's attack.
You closely miss something. Something hits you but does no damage.
You block something's attack.
You miss something. Something hits you but does no damage.
You slice something!!
Reactivating autopickup.
You have reached level 5!
Your demonic ancestry asserts itself...
You feel your magical essence form a protective shroud around your flesh.
You feel a bit more experienced.
Unknown command.
f - 5 rations (gained 1) Are you sure you want to abandon this character and quit the game? (Confirm with "yes".)
Okay, then.
Are you sure you want to abandon this character and quit the game? (Confirm with "yes".)

.....≈ ≈≈.≈≈#
#≈≈.≈≈#
..≈....
.......
######.......
#............
#....@.......
#
+........≈...
.
#............
.## #..#
###.##.......
..# #..# #.#
###.... #)#
#..# #.# ....
#.# #..# #.#
### #.## #.(#
#.# #..# #..#
#.#


There were no monsters in sight!

Vanquished Creatures
  A sky beast (D:3)
  An orc wizard (D:2)
  2 adders
  2 leopard geckos
  2 orcs (D:2)
  A bat (D:1)
  5 giant cockroaches
  6 goblins
  8 hobgoblins
  3 kobolds
  3 quokkas (D:2)
  A ball python (D:3)
  4 frilled lizards
  8 rats
47 creatures vanquished.

Notes
Turn   | Place    | Note
-------+----------+-------------------------------------------
     0 | D:1      | vishdafish the Demonspawn Fighter began the quest for the Orb.
     0 | D:1      | Reached XP level 1. HP: 18/18 MP: 1/1
   246 | D:1      | Gained mutation: You are partially covered in yellow scales. (AC +2) [demonic ancestry]
   246 | D:1      | Reached XP level 2. HP: 24/24 MP: 2/2
   962 | D:2      | Gained mutation: You are mostly covered in yellow scales. (AC +3) [demonic ancestry]
   962 | D:2      | Reached XP level 3. HP: 29/29 MP: 3/3
  1376 | D:2      | Reached XP level 4. HP: 25/35 MP: 4/4
  1573 | D:3      | Noticed a sky beast
  1591 | D:3      | Killed a sky beast
  1591 | D:3      | Gained mutation: When hurt, damage is shared between your health and your magic reserves. [demonic ancestry]
  1591 | D:3      | Reached XP level 5. HP: 35/42 MP: 5/5
  1600 | D:3      | Quit the game

Vault maps used:
D:1:      lemuel_arrival_muddy, kennysheep_pointless_box
D:2:      lemuel_upstairs_altar, first_ration
D:3:      cheibrodos_sewer_entry_sluice, dk_xom_monty_hall

Skill      XL: |  1  2  3  4 |
---------------+-------------+-----
Long Blades    | 2 3 |  3.5
Armour         | 3 |  3.4
Shields        | 3 |  3.4
Fighting       | |  3.8

Action                   |  1- 3 |  4- 6 || total
-------------------------+-------+-------++-------
Melee: Long sword        |   129 |    33 ||   162
  Use: Scroll            |     5 |       ||     5
       Potion            |       |     1 ||     1
  Eat: Chunk             |     2 |       ||     2
Armor: Scale mail        |    86 |    31 ||   117
Dodge: Dodged            |    34 |     7 ||    41
Block: Shield            |    78 |    15 ||    93
       Rpst.: Long sword |    14 |     2 ||    16

Table legend:
 A = Spawn XP
 B = Non-spawn XP
 C = Spawn XP percentage of total XP
 D = Spawn monster count
 E = Non-spawn monster count
 F = Spawn count percentage of total count
 G = Total turns spent on level
                    A         B        C        D         E        F      G
               +---------+---------+-------+---------+---------+-------+---------
         Total |       0 |     275 |   0.0 |       0 |      47 |   0.0 |  1600
               +---------+---------+-------+---------+---------+-------+---------
           D:1 |       0 |      25 |   0.0 |       0 |      14 |   0.0 |   779
           D:2 |       0 |      93 |   0.0 |       0 |      24 |   0.0 |   671
           D:3 |       0 |     157 |   0.0 |       0 |       9 |   0.0 |   150
               +---------+---------+-------+---------+---------+-------+---------
